| TOP OF THE 1ST |
|
Savannah Indians batting - Pitching for Asheville Tourists : LHP Ricky Horton
|
|
Pitching: LHP Ricky Horton
|
|
|
Batting: RHB Talmadge Tanks
|
0-0: Ball 1-0: Swinging Strike 1-1: Foul Ball, location: 2F 1-2: Ball 2-2: SINGLE (Line Drive, 89S, EV 100.0 MPH)
|
|
Batting: RHB Igor Roosendaal
|
0-0: Called Strike Talmadge Tanks steals 2nd base 0-1: Ball 1-1: Called Strike 1-2: Ground out 5-3 (Groundball, 5L, EV 106.9 MPH)
|
|
Batting: SHB Gary Pettis
|
0-0: Called Strike 0-1: Foul Ball, location: 2F 0-2: SINGLE (Line Drive, 9S, EV 91.3 MPH) Talmadge Tanks to third Runner from 3rd tries for Home, SAFE, throw by RF to home
|
|
Now at SS: Michael Schervish
|
|
|
Batting: LHB Ken Smith
|
0-0: Ball Wild Pitch! Gary Pettis to second 1-0: Ball 2-0: Ball 3-0: Base on Balls
|
|
Batting: LHB Mike McCain
|
0-0: Ball 1-0: Foul Ball, location: 2F 1-1: Foul Ball, location: 2F 1-2: Strikes out swinging
|
|
Batting: RHB Dave Engle
|
0-0: Ball 1-0: Ball 2-0: Foul Ball, location: 2F 2-1: Foul Ball, location: 2F 2-2: Ball 3-2: Base on Balls Gary Pettis to third Ken Smith to second
|
|
Batting: RHB Alex Trevino
|
0-0: Ball 1-0: Ball 2-0: Ball 3-0: Foul Ball, location: 2F 3-1: Base on Balls Gary Pettis scores Ken Smith to third Dave Engle to second
|
|
Batting: RHB Mike Colbern
|
0-0: Ball 1-0: Ball 2-0: Fly out, F8 (Flyball, 8LD, EV 95.0 MPH)
|
| Top of the 1st over - 2 runs, 2 hits, 0 errors, 3 left on base; Savannah 2 - Asheville 0 |
| BOTTOM OF THE 1ST |
|
Asheville Tourists batting - Pitching for Savannah Indians : LHP Dennis Rasmussen
|
|
Pitching: LHP Dennis Rasmussen
|
|
|
Batting: RHB Ulises Infante
|
0-0: Called Strike 0-1: Called Strike 0-2: Ball 1-2: Strikes out swinging
|
|
Batting: RHB Mike Garcia
|
0-0: Ball 1-0: Ball 2-0: Ball 3-0: Base on Balls
|
|
Batting: LHB Scott Radloff
|
0-0: Ball 1-0: Swinging Strike 1-1: Called Strike 1-2: Foul Ball, location: 2F 1-2: Ball 2-2: Strikes out looking
|
|
Batting: RHB Bill Lindsey
|
0-0: Called Strike 0-1: Ball 1-1: Called Strike 1-2: Ball 2-2: SINGLE (Flyball, 6D, EV 98.1 MPH) Mike Garcia to second Runner from 2nd tries for 3rd, SAFE, no throw by LF
|
|
Batting: RHB Michael Schervish
|
0-0: Ball 1-0: SINGLE (Groundball, 34D, EV 100.6 MPH) Mike Garcia scores Bill Lindsey to second Runner from 2nd tries for 3rd, SAFE, no throw by RF
|
|
Batting: RHB Wes Robbins
|
0-0: Called Strike 0-1: SINGLE (Line Drive, 6MD, EV 96.9 MPH) Bill Lindsey scores Michael Schervish to second Runner from 2nd tries for 3rd, SAFE, throw by CF made to third
|
|
Batting: LHB Elias Nava
|
0-0: Ball 1-0: Foul Ball, location: 2F 1-1: Ball 2-1: TRIPLE (Flyball, 78XD, EV 95.0 MPH) Michael Schervish scores Wes Robbins scores
|
|
Batting: LHB James Baker
|
0-0: Ball 1-0: Foul Ball, location: 2F 1-1: Ball 2-1: Foul Ball, location: 2F 2-2: Strikes out looking
|
| Bottom of the 1st over - 4 runs, 4 hits, 0 errors, 1 left on base; Savannah 2 - Asheville 4 |
| TOP OF THE 2ND |
|
Savannah Indians batting - Pitching for Asheville Tourists : LHP Ricky Horton
|
|
Batting: RHB Emilio Perez
|
0-0: Ball 1-0: Ball 2-0: Ball 3-0: SINGLE (Groundball, 6S, EV 72.5 MPH) (infield hit)
|
|
Batting: RHB Talmadge Tanks
|
0-0: Called Strike 0-1: Foul Ball, location: 2F 0-2: SINGLE (Groundball, 56S, EV 67.5 MPH) (infield hit) Emilio Perez to second
|
|
Batting: RHB Igor Roosendaal
|
0-0: Called Strike 0-1: SINGLE (Groundball, 4M, EV 98.1 MPH) (infield hit) Emilio Perez to third Talmadge Tanks to second
|
|
Batting: SHB Gary Pettis
|
0-0: Ball 1-0: Fielders Choice at 2nd, 6-4 (Groundball, 6, EV 80.6 MPH) Emilio Perez scores Talmadge Tanks to third
|
|
Batting: LHB Ken Smith
|
0-0: Foul Ball, location: 2F 0-1: Ball Gary Pettis is caught stealing 2nd base 2-6 1-1: Called Strike 1-2: Foul Ball, location: 2F 1-2: Ground out U3 (Groundball, 3, EV 102.5 MPH)
|
| Top of the 2nd over - 1 run, 3 hits, 0 errors, 1 left on base; Savannah 3 - Asheville 4 |
| BOTTOM OF THE 2ND |
|
Asheville Tourists batting - Pitching for Savannah Indians : LHP Dennis Rasmussen
|
|
Batting: LHB Steven Morrison
|
0-0: Swinging Strike 0-1: Called Strike 0-2: Fly out, F8 (Flyball, 8LS, EV 86.3 MPH)
|
|
Batting: RHB Ulises Infante
|
0-0: Ground out 4-3 (Groundball, 4D, EV 103.1 MPH)
|
|
Batting: RHB Mike Garcia
|
0-0: Ground out 1-3 (Groundball, 13S, EV 66.9 MPH)
|
| Bottom of the 2nd over - 0 runs, 0 hits, 0 errors, 0 left on base; Savannah 3 - Asheville 4 |
| TOP OF THE 3RD |
|
Savannah Indians batting - Pitching for Asheville Tourists : LHP Ricky Horton
|
|
Batting: LHB Mike McCain
|
0-0: Fly out, F8 (Flyball, 8RS, EV 90.6 MPH)
|
|
Batting: RHB Dave Engle
|
0-0: Ball 1-0: Called Strike 1-1: Ball 2-1: Ground out 5-3 (Groundball, 56, EV 88.1 MPH)
|
|
Batting: RHB Alex Trevino
|
0-0: Foul Ball, location: 2F 0-1: Ball 1-1: Ball 2-1: Ground out 5-3 (Groundball, 56, EV 101.9 MPH)
|
| Top of the 3rd over - 0 runs, 0 hits, 0 errors, 0 left on base; Savannah 3 - Asheville 4 |
| BOTTOM OF THE 3RD |
|
Asheville Tourists batting - Pitching for Savannah Indians : LHP Dennis Rasmussen
|
|
Batting: LHB Scott Radloff
|
0-0: Ball 1-0: Fly out, F7 (Flyball, 78S, EV 93.1 MPH)
|
|
Batting: RHB Bill Lindsey
|
0-0: Swinging Strike 0-1: Foul Ball, location: 2F 0-2: Strikes out swinging
|
|
Batting: RHB Michael Schervish
|
0-0: Called Strike 0-1: Ball 1-1: SINGLE (Line Drive, 7S, EV 101.9 MPH)
|
|
Batting: RHB Wes Robbins
|
0-0: Ball 1-0: Called Strike 1-1: Ball 2-1: Foul Ball, location: 2F 2-2: Fly out, F6 (Line Drive, 6, EV 70.0 MPH)
|
| Bottom of the 3rd over - 0 runs, 1 hit, 0 errors, 1 left on base; Savannah 3 - Asheville 4 |
| TOP OF THE 4TH |
|
Savannah Indians batting - Pitching for Asheville Tourists : LHP Ricky Horton
|
|
Batting: RHB Mike Colbern
|
0-0: SINGLE (Groundball, 4MD, EV 94.4 MPH)
|
|
Batting: RHB Emilio Perez
|
0-0: Ball 1-0: Called Strike 1-1: Foul Ball, location: 2F 1-2: Foul Ball, location: 2F 1-2: Reached on error, E6 (Flyball, 56D, EV 84.4 MPH) Mike Colbern to second
|
|
Batting: RHB Talmadge Tanks
|
0-0: Fly out, F9 (Flyball, 9D, EV 100.6 MPH) Runner from 2nd tags up, SAFE at 3rd, no throw by RF
|
|
Batting: RHB Igor Roosendaal
|
0-0: Ball 1-0: Ball 2-0: SINGLE (Groundball, 6MD, EV 108.8 MPH) Mike Colbern scores Emilio Perez to second Runner from 2nd tries for 3rd, SAFE, no throw by CF
|
|
Batting: SHB Gary Pettis
|
0-0: Ball 1-0: SINGLE (Groundball, 5S, EV 65.0 MPH) (infield hit) Emilio Perez scores Igor Roosendaal to second
|
|
Batting: LHB Ken Smith
|
0-0: Ball 1-0: Ball 2-0: SINGLE (Groundball, 56D, EV 99.4 MPH) Igor Roosendaal to third Gary Pettis to second Runner from 3rd tries for Home, SAFE, throw by LF to home
|
|
Batting: LHB Mike McCain
|
0-0: Called Strike 0-1: Swinging Strike 0-2: 3-RUN HOME RUN (Line Drive, 8LXD, EV 106.3 MPH), Distance : 429 ft
|
|
Pitching: RHP Douglas Thomson
|
|
|
Batting: RHB Dave Engle
|
0-0: Ball 1-0: SINGLE (Groundball, 34D, EV 100.0 MPH)
|
|
Batting: RHB Alex Trevino
|
0-0: Reached on error, E6 (Groundball, 6S, EV 87.5 MPH) Dave Engle to second
|
|
Batting: RHB Mike Colbern
|
0-0: Fly out, F8 (Flyball, 8RXD, EV 98.1 MPH) Runner from 2nd tags up, SAFE at 3rd, no throw by CF
|
|
Batting: RHB Emilio Perez
|
0-0: Ground out 4-3 (Groundball, 4, EV 98.1 MPH)
|
| Top of the 4th over - 6 runs, 6 hits, 2 errors, 2 left on base; Savannah 9 - Asheville 4 |
| BOTTOM OF THE 4TH |
|
Asheville Tourists batting - Pitching for Savannah Indians : LHP Dennis Rasmussen
|
|
Batting: LHB Elias Nava
|
0-0: Swinging Strike 0-1: Ball 1-1: Foul Ball, location: 2F 1-2: Ball 2-2: Strikes out looking
|
|
Batting: LHB James Baker
|
0-0: Called Strike 0-1: Ball 1-1: Called Strike 1-2: Ball 2-2: Ball 3-2: Foul Ball, location: 2F 3-2: Fly out, F7 (Flyball, 7LM, EV 78.1 MPH)
|
|
Batting: LHB Steven Morrison
|
0-0: Ball 1-0: Swinging Strike 1-1: Ground out U3 (Groundball, 34S, EV 69.4 MPH)
|
| Bottom of the 4th over - 0 runs, 0 hits, 0 errors, 0 left on base; Savannah 9 - Asheville 4 |
| TOP OF THE 5TH |
|
Savannah Indians batting - Pitching for Asheville Tourists : RHP Douglas Thomson
|
|
Batting: RHB Talmadge Tanks
|
0-0: SINGLE (Line Drive, 89S, EV 100.0 MPH)
|
|
Batting: RHB Igor Roosendaal
|
0-0: Ball 1-0: Grounds into double play, 4-6-3 (Groundball, 4M, EV 86.3 MPH)
|
|
Batting: SHB Gary Pettis
|
0-0: Ball 1-0: Ball 2-0: Foul Ball, location: 2F 2-1: Ball 3-1: Foul Ball, location: 2F 3-2: Foul Ball, location: 2F 3-2: Foul Ball, location: 2F 3-2: Base on Balls
|
|
Batting: LHB Ken Smith
|
0-0: Ball Gary Pettis is caught stealing 2nd base 2-6
|
| Top of the 5th over - 0 runs, 1 hit, 0 errors, 0 left on base; Savannah 9 - Asheville 4 |
| BOTTOM OF THE 5TH |
|
Asheville Tourists batting - Pitching for Savannah Indians : LHP Dennis Rasmussen
|
|
Batting: RHB Ulises Infante
|
0-0: Ball 1-0: Foul Ball, location: 2F 1-1: Ground out 1-3 (Groundball, 13S, EV 66.3 MPH)
|
|
Batting: RHB Mike Garcia
|
0-0: Ball 1-0: Foul Ball, location: 2F 1-1: Ball 2-1: Ball 3-1: Base on Balls
|
|
Batting: LHB Scott Radloff
|
0-0: Called Strike 0-1: Ball 1-1: Ball 2-1: Fly out, F7 (Flyball, 7, EV 91.9 MPH)
|
|
Batting: RHB Bill Lindsey
|
0-0: Called Strike 0-1: Called Strike 0-2: Fielders Choice at 2nd, 6-4 (Groundball, 6, EV 88.8 MPH)
|
| Bottom of the 5th over - 0 runs, 0 hits, 0 errors, 1 left on base; Savannah 9 - Asheville 4 |
| TOP OF THE 6TH |
|
Savannah Indians batting - Pitching for Asheville Tourists : RHP Douglas Thomson
|
|
Batting: LHB Ken Smith
|
0-0: Ball 1-0: Fly out, F8 (Line Drive, 8RM, EV 90.6 MPH)
|
|
Batting: LHB Mike McCain
|
0-0: Called Strike 0-1: Ball 1-1: Fly out, F5 (Popup, 5S, EV 74.4 MPH)
|
|
Batting: RHB Dave Engle
|
0-0: Ball 1-0: Ball 2-0: Called Strike 2-1: Foul Ball, location: 2F 2-2: Ball 3-2: Foul Ball, location: 2F 3-2: Base on Balls
|
|
Batting: RHB Alex Trevino
|
0-0: Ball 1-0: Foul Ball, location: 2F 1-1: Ball 2-1: Foul Ball, location: 2F 2-2: Reached on error, E5 (Groundball, 56S, EV 71.9 MPH) Dave Engle to second
|
|
Batting: RHB Mike Colbern
|
0-0: Called Strike 0-1: Foul Ball, location: 2F 0-2: Strikes out swinging
|
| Top of the 6th over - 0 runs, 0 hits, 1 error, 2 left on base; Savannah 9 - Asheville 4 |
| BOTTOM OF THE 6TH |
|
Asheville Tourists batting - Pitching for Savannah Indians : LHP Dennis Rasmussen
|
|
Batting: RHB Michael Schervish
|
0-0: Foul Ball, location: 2F 0-1: Ball 1-1: Fly out, F3 (Popup, 34, EV 69.4 MPH)
|
|
Batting: RHB Wes Robbins
|
0-0: Ball 1-0: Ground out 1-3 (Groundball, P, EV 66.9 MPH)
|
|
Batting: LHB Elias Nava
|
0-0: Ball 1-0: SINGLE (Line Drive, 4D, EV 104.4 MPH)
|
|
Batting: LHB James Baker
|
0-0: Ball 1-0: Fielders Choice at 2nd, 5-4 (Groundball, 56, EV 86.3 MPH)
|
| Bottom of the 6th over - 0 runs, 1 hit, 0 errors, 1 left on base; Savannah 9 - Asheville 4 |
| TOP OF THE 7TH |
|
Savannah Indians batting - Pitching for Asheville Tourists : RHP Douglas Thomson
|
|
Batting: RHB Emilio Perez
|
0-0: Called Strike 0-1: Ball 1-1: Called Strike 1-2: Strikes out swinging
|
|
Batting: RHB Talmadge Tanks
|
0-0: Called Strike 0-1: Ball 1-1: Called Strike 1-2: Ball 2-2: Ground out 5-3 (Groundball, 56S, EV 90.6 MPH)
|
|
Pitching: RHP Bob Hudson
|
|
|
Batting: RHB Igor Roosendaal
|
0-0: Called Strike 0-1: Ball 1-1: Foul Ball, location: 2F 1-2: Foul Ball, location: 2F 1-2: Foul Ball, location: 2F 1-2: Fly out, F9 (Flyball, 89M, EV 83.8 MPH)
|
| Top of the 7th over - 0 runs, 0 hits, 0 errors, 0 left on base; Savannah 9 - Asheville 4 |
| BOTTOM OF THE 7TH |
|
Asheville Tourists batting - Pitching for Savannah Indians : LHP Dennis Rasmussen
|
|
Batting: LHB Steven Morrison
|
0-0: SOLO HOME RUN (Line Drive, 9D, EV 100.6 MPH), Distance : 381 ft
|
|
Batting: RHB Ulises Infante
|
0-0: Ball 1-0: Ball 2-0: Foul Ball, location: 2F 2-1: Ball 3-1: Fly out, F8 (Flyball, 89XD, EV 106.9 MPH)
|
|
Batting: RHB Mike Garcia
|
0-0: Called Strike 0-1: Called Strike 0-2: Ball 1-2: Foul Ball, location: 2F 1-2: Foul Ball, location: 2F 1-2: Ground out 4-3 (Groundball, 4, EV 90.0 MPH)
|
|
Batting: LHB Scott Radloff
|
0-0: Ball 1-0: Swinging Strike 1-1: Swinging Strike 1-2: Ball 2-2: Ball 3-2: Fly out, F7 (Flyball, 7, EV 88.8 MPH)
|
| Bottom of the 7th over - 1 run, 1 hit, 0 errors, 0 left on base; Savannah 9 - Asheville 5 |
| TOP OF THE 8TH |
|
Savannah Indians batting - Pitching for Asheville Tourists : RHP Bob Hudson
|
|
Batting: SHB Gary Pettis
|
0-0: Ball 1-0: Ball 2-0: Ground out U3 (Groundball, 3, EV 91.3 MPH)
|
|
Batting: LHB Ken Smith
|
0-0: Ball 1-0: Called Strike 1-1: Ball 2-1: Foul Ball, location: 2F 2-2: Strikes out swinging
|
|
Batting: LHB Mike McCain
|
0-0: Ball 1-0: Ball 2-0: Foul Ball, location: 2F 2-1: Ball 3-1: Base on Balls
|
|
Batting: RHB Dave Engle
|
0-0: Fly out, F7 (Flyball, 7LS, EV 92.5 MPH)
|
| Top of the 8th over - 0 runs, 0 hits, 0 errors, 1 left on base; Savannah 9 - Asheville 5 |
| BOTTOM OF THE 8TH |
|
Asheville Tourists batting - Pitching for Savannah Indians : LHP Dennis Rasmussen
|
|
Batting: RHB Bill Lindsey
|
0-0: Ball 1-0: Ball 2-0: Called Strike 2-1: Fly out, F1 (Line Drive, P, EV 65.6 MPH)
|
|
Batting: RHB Michael Schervish
|
0-0: Ground out 4-3 (Groundball, 4, EV 88.8 MPH)
|
|
Batting: RHB Wes Robbins
|
0-0: Ball 1-0: Ball 2-0: Ball 3-0: Called Strike 3-1: Foul Ball, location: 2F 3-2: Fly out, F8 (Flyball, 8LM, EV 87.5 MPH)
|
| Bottom of the 8th over - 0 runs, 0 hits, 0 errors, 0 left on base; Savannah 9 - Asheville 5 |
| TOP OF THE 9TH |
|
Savannah Indians batting - Pitching for Asheville Tourists : RHP Bob Hudson
|
|
Pitching: LHP Lee Guetterman
|
|
|
Batting: RHB Alex Trevino
|
0-0: Fly out, F9 (Flyball, 9LM, EV 86.3 MPH)
|
|
Batting: RHB Mike Colbern
|
0-0: SOLO HOME RUN (Line Drive, 7D, EV 106.3 MPH), Distance : 364 ft
|
|
Batting: RHB Emilio Perez
|
0-0: Swinging Strike 0-1: Fly out, F8 (Line Drive, 8LM, EV 98.1 MPH)
|
|
Batting: RHB Talmadge Tanks
|
0-0: Fly out, F9 (Flyball, 9S, EV 72.5 MPH)
|
| Top of the 9th over - 1 run, 1 hit, 0 errors, 0 left on base; Savannah 10 - Asheville 5 |
| BOTTOM OF THE 9TH |
|
Asheville Tourists batting - Pitching for Savannah Indians : LHP Dennis Rasmussen
|
|
Pitching: RHP Joel Willett
|
|
|
Batting: LHB Elias Nava
|
0-0: Ball 1-0: Ball 2-0: Ball 3-0: Base on Balls
|
|
Batting: LHB James Baker
|
0-0: Ball 1-0: Called Strike 1-1: Grounds into double play, 4-6-3 (Groundball, 4MS, EV 88.8 MPH)
|
|
Batting: LHB Steven Morrison
|
0-0: Ball 1-0: Ball 2-0: Ball 3-0: Base on Balls
|
|
Batting: RHB Ulises Infante
|
0-0: Ball 1-0: Ball 2-0: Ball 3-0: Called Strike 3-1: Base on Balls Steven Morrison to second
|
|
Batting: RHB Mike Garcia
|
0-0: Ball 1-0: Ground out 5-3 (Groundball, 5S, EV 83.8 MPH)
|
| Bottom of the 9th over - 0 runs, 0 hits, 0 errors, 2 left on base; Savannah 10 - Asheville 5 |
|